 Dungeon Crawl Stone Soup version 0.23.2-33-g5129a83184 (webtiles) character file.

Game seed: 12204900864239076192

25 Folque the Chiller (level 2, 0/21 HPs)
             Began as a Demonspawn Ice Elementalist on June 29, 2019.
             Slain by a bat (1 damage)
             ... on level 2 of the Dungeon.
             The game lasted 00:03:00 (1306 turns).

Folque the Chiller (Demonspawn Ice Elementalist)    Turns: 1306, Time: 00:03:01

Health: 0/21       AC:  2    Str:  8    XL:     2   Next: 86%
Magic:  1/5        EV: 12    Int: 16    God:
Gold:   11         SH:  0    Dex: 13    Spells: 3/6 levels left

rFire    + . .     SeeInvis .   d - +0 short sword
rCold    + + .     Gourm    .   (no shield)
rNeg     . . .     Faith    .   a - +0 robe
rPois    +         Spirit   .   (no helmet)
rElec    +         Reflect  .   (no cloak)
rCorr    +         Harm     .   (no gloves)
MR       .....                  (no boots)
Stlth    ++........             (no amulet)
HPRegen  0.07/turn              (no ring)
MPRegen  0.09/turn              (no ring)

@: resistant
A: cold resistance 1
a: no special abilities


You were on level 2 of the Dungeon.
You were not hungry.

You visited 1 branch of the dungeon, and saw 2 of its levels.

You collected 11 gold pieces.

Inventory:

Hand Weapons
 d - a +0 short sword (weapon)
Armour
 a - a +0 robe (worn)
Scrolls
 h - a scroll of identify {unknown}
 i - a scroll of noise {unknown}
Potions
 e - a potion of flight {unknown}
 g - a potion of agility {unknown}
Comestibles
 c - 3 rations


   Skills:
 + Level 1.1 Fighting
 - Level 1.7 Dodging
 - Level 1.7 Stealth
 * Level 2.7 Spellcasting
 - Level 1.0 Conjurations
 + Level 3.0 Ice Magic


You had 3 spell levels left.
You knew the following spells:

 Your Spells              Type           Power        Failure   Level  Hunger
a - Freeze                Ice            ##..         5%          1    #......
b - Throw Frost           Conj/Ice       #.....       13%         2    ##.....

Your spell library contained the following spells:

 Spells                   Type           Power        Failure   Level  Hunger
 Ozocubu's Armour         Chrm/Ice       #.......     30%         3    ###....
 Throw Icicle             Conj/Ice       #.......     63%         4    #####..
 Summon Ice Beast         Ice/Summ       #.......     71%         4    #####..


Dungeon Overview and Level Annotations

Branches:
Dungeon (2/15)

Altars:


Innate Abilities, Weirdness & Mutations

Your flesh is cold resistant. (rC+)


Message History

The hobgoblin is heavily wounded.
The hobgoblin hits you with a cursed -3 club.
* * * LOW HITPOINT WARNING * * *
You barely miss the hobgoblin.
The hobgoblin is heavily wounded.
The hobgoblin misses you.
Casting: Freeze (safe; 5% risk of failure)
Confirm with . or Enter, or press ? or * to list all spells.
Aiming: Freeze (safe; 5% risk of failure)
Press: ? - help, Shift-Dir - straight line, f/p - hobgoblin
Aim: a hobgoblin, wielding a -3 club (heavily wounded)
You freeze the hobgoblin.
You kill the hobgoblin!
The bat barely misses you. The bat hits you.
* * * LOW HITPOINT WARNING * * *
It was a potion of resistance.
You feel protected. The bat hits you.
You die...

.# #(<......### ...
#....##....
#..#######..##.##
..J...$ ##.....##
....... ###....##
...s...## ##.#..###
s.......# ##.........
.≈..##.####...##.####
≈≈≈≈.....sb@.#.# .#
.≈.≈..#..#####.# ..
......##.. #.. ##
..... ##.. #### .....
##. .... .. ...# ##


You could see a giant cockroach and a bat.

Vanquished Creatures
  2 dart slugs (D:1)
  2 leopard geckos (D:1)
  A bat (D:1)
  A giant cockroach (D:2)
  6 hobgoblins
  2 kobolds (D:1)
  2 frilled lizards
  A rat (D:1)
17 creatures vanquished.

Notes
Turn   | Place    | Note
-------+----------+-------------------------------------------
     0 | D:1      | Folque the Demonspawn Ice Elementalist began the quest for
                  | the Orb.
     0 | D:1      | Reached XP level 1. HP: 13/13 MP: 3/3
   208 | D:1      | Gained mutation: Your flesh is cold resistant. (rC+)
                  | [demonic ancestry]
   208 | D:1      | Reached XP level 2. HP: 2/20 MP: 0/5
   989 | D:1      | Learned a level 2 spell: Throw Frost
  1127 | D:2      | Reached skill level 1 in Fighting
  1137 | D:2      | Reached skill level 3 in Ice Magic
  1305 | D:2      | HP: 1/21 [bat (1)]
  1306 | D:2      | Slain by a bat

Skill      XL: |  1  2 |
---------------+-------+-----
Fighting       | 1 |  1.1
Ice Magic      | 3 |  3.0
Dodging        | |  1.7
Stealth        | |  1.7
Spellcasting   | |  2.7
Conjurations   | |  1.0

Action                   || total
-------------------------++-------
Melee: Unarmed           ||    23
       Short sword       ||    31
 Cast: Freeze            ||    19
       Throw Frost       ||     6
  Use: Potion            ||     1
 Stab: Sleeping          ||     3
  Eat: Chunk             ||     2
Armor: Robe              ||     9
Dodge: Dodged            ||    37
